 Dungeon Crawl Stone Soup version 0.22-a0-93-g6b88ebb (webtiles) character file.

16459 4thArraOfDagon the Fighter (level 11, -8/98 (99) HPs)
             Began as a Demigod Wanderer on Jan 24, 2018.
             Mangled by a manticore (10 damage)
             ... on level 15 of the Dungeon.
             The game lasted 00:38:39 (9717 turns).

4thArraOfDagon the Fighter (Demigod Wanderer)       Turns: 9717, Time: 00:38:40

HP:   -8/98 (99)    AC: 10    Str: 15    XL:     11   Next: 80%
MP:   14/14         EV: 20    Int: 23    God:
Gold: 280           SH:  0    Dex: 20    Spells: 10/10 levels left

rFire    + . .     SeeInvis .   N - +12 mace of Variability {chaos}
rCold    . . .     Gourm    .   (shield currently unavailable)
rNeg     . . .     Faith    .   Y - +0 troll leather armour
rPois    .         Spirit   .   n - +0 helmet
rElec    .         Reflect  .   w - +0 cloak
rCorr    .         Harm     +   X - +2 pair of gloves
MR       ++...                  (no boots)
Stlth    ++........             l - amulet of harm
HPRegen  0.66/turn              S - ring of protection from fire
MPRegen  0.14/turn              I - ring "Kuorrap" {Wiz MR+ Dex+6}

@: no status effects
A: high mp 1
a: no special abilities


You were on level 15 of the Dungeon.
You were not hungry.

You visited 1 branch of the dungeon, and saw 15 of its levels.
You also visited: Sewer.

You collected 704 gold pieces.
You spent 424 gold pieces at shops.

Inventory:

Hand Weapons
 a - a +2 quarterstaff
 N - the +12 mace of Variability (weapon) {chaos}
   (You found it on level 9 of the Dungeon)

   Each time it hits an enemy it has a different, random effect.
 T - a +2 battleaxe of venom
 V - a +2 quarterstaff of protection
Armour
 c - a +0 robe
 f - a +0 chain mail
 n - a +0 helmet (worn)
 p - a cursed -1 scale mail
 w - a +0 cloak (worn)
 E - a +0 ring mail of cold resistance
 F - a +4 ring mail
 M - a +1 ring mail of fire resistance
 P - a +0 pair of gloves
 X - a +2 pair of gloves (worn)
 Y - a +0 troll leather armour (worn)
Jewellery
 l - an amulet of harm (around neck)
 v - an uncursed ring of ice
 G - an uncursed ring of protection from cold
 I - the ring "Kuorrap" (right hand) {Wiz MR+ Dex+6}
   (You found it on level 7 of the Dungeon)

   [ring of wizardry]

   It improves your spell success rate.
   It affects your dexterity (+6).
   It affects your resistance to hostile enchantments.
 S - a ring of protection from fire (left hand)
Wands
 A - a wand of acid (7)
 K - a wand of iceblast (2)
 U - a wand of flame (17)
 W - a wand of polymorph (10)
Scrolls
 b - 4 scrolls of random uselessness {unknown}
 e - 3 scrolls of noise {unknown}
 g - 4 scrolls of immolation {unknown}
 i - 6 scrolls of remove curse {unknown}
 j - 4 scrolls of blinking {unknown}
 k - 9 scrolls of teleportation {unknown}
 m - 3 scrolls of enchant armour {unknown}
 q - 6 scrolls of fog {unknown}
 t - a scroll of fear {unknown}
 u - 3 scrolls of enchant weapon {unknown}
 y - a scroll of brand weapon {unknown}
 z - a scroll of holy word {unknown}
 H - 3 scrolls of magic mapping {unknown}
 O - 2 scrolls of amnesia {unknown}
Potions
 h - 3 potions of flight
 o - 3 potions of resistance
 r - 2 potions of heal wounds
 s - 2 potions of mutation
 x - 4 potions of haste
 B - 3 potions of might
 C - 4 potions of agility
 D - 3 potions of curing
 J - a potion of ambrosia
 L - a potion of lignification
 R - a potion of invisibility
Miscellaneous
 Q - a lightning rod (3/4)
Comestibles
 d - 18 rations
 Z - 4 chunks of flesh


   Skills:
 - Level 10.0 Fighting
 * Level 5.6(6.4) Axes
 - Level 4.5(7.6) Maces & Flails
 - Level 7.4(8.0) Staves
 - Level 1.0 Throwing
 - Level 5.2 Armour
 - Level 10.0 Dodging
 - Level 1.0 Stealth
   Level 1.0 Ice Magic
   Level 1.7 Earth Magic
 - Level 1.0 Evocations


You had 10 spell levels left.
You didn't know any spells.

Dungeon Overview and Level Annotations

Branches:
Dungeon (15/15)            Temple (0/1) D:5            Lair (0/6) D:8
    Orc (0/2) D:10
 Vaults: D:13-14     Depths: D:15

Shops:
D:5 =   D:7 !   D:8 [   D:10 *[=(

Annotations:
D:5 Dowan
D:7 KristoblXynda's ghost, novice DrMo


Innate Abilities, Weirdness & Mutations

You have an increased reservoir of magic. (+10% MP)


Message History

Unknown command.
You sock the manticore! You burn the manticore.
The manticore is almost dead.
The bullfrog completely misses you. The manticore bites you.
* * * LOW HITPOINT WARNING * * *
The manticore completely misses you. x2; The bullfrog barely misses you.
Unknown command.
Unknown command.
You hit the manticore.
The manticore is almost dead.
The bullfrog hits you.
* * * LOW HITPOINT WARNING * * *
The manticore bites you!
* * * LOW HITPOINT WARNING * * *
The manticore closely misses you.
The manticore claws you but does no damage.
The bullfrog hits you.
* * * LOW HITPOINT WARNING * * *
The manticore bites you!
You die...

##### .....# ?.....
.....H#####
#........#
#........# #######
#........# ##.....#
#........###H.....#
#.........<.F@)...#
...........#####.###
##.........# ยง#
#.##.####..# R# ..
#.. ##.# # . ...# .#
#?.# .# #.# ..


You could see a manticore and a bullfrog.

Vanquished Creatures
  Erolcha (D:11)
  2 two-headed ogres
  An unseen horror (D:10)
  2 ugly things
  A cyclops (D:14)
  A salamander (D:9)
  2 centaur zombies
  Joseph (D:7)
  An efreet (D:15)
  A troll (D:13)
  A queen bee (D:9)
  Prince Ribbit (D:5)
  Grinder (D:5)
  3 hippogriffs
  A shadow (D:15)
  2 wraiths
  5 vampire mosquitoes
  3 wyverns
  4 yaks (D:9)
  2 chaos spawn (D:9)
  A hungry ghost (D:11)
  Duvessa (D:5)
  A water moccasin (D:9)
  A porcupine (D:8)
  3 orc warriors
  A sky beast (D:13)
  5 black bears
  3 ice beasts
  Purgy (Sewer)
  2 necrophages (D:10)
  4 ogres
  A phantom (D:4)
  8 centaurs
  A crocodile (D:11)
  A big kobold (D:9)
  Blork the orc (D:5)
  9 bullfrogs
  A gnoll sergeant (D:8)
  2 wyvern zombies (D:11)
  A water moccasin zombie (D:5)
  3 scorpions
  10 killer bees (D:9)
  9 wights
  2 howler monkeys
  4 crimson imps
  A quasit (D:7)
  7 hounds
  6 orc priests
  3 centaur skeletons
  3 jellies
  15 orc wizards
  2 bullfrog skeletons
  Terence (D:2)
  4 iguanas
  7 worker ants
  A killer bee zombie (D:6)
  A howler monkey zombie (D:6)
  Robin (D:2)
  24 gnolls
  11 adders
  A shadow imp (D:11)
  An ooze (D:3)
  An adder zombie (D:5)
  A worm (D:2)
  10 leopard geckos
  45 orcs
  7 bats
  9 giant cockroaches
  15 goblins
  12 hobgoblins
  2 jackals (Sewer)
  2 quokkas
  4 ball pythons
  6 frilled lizards
  16 kobolds
  A leopard gecko skeleton (D:3)
  A quokka skeleton (D:2)
  A quokka zombie (D:9)
  3 rats (D:2)
337 creatures vanquished.

Vanquished Creatures (collateral kills)
  A wight (D:6)
  A jelly (D:5)
  2 adders (D:6)
  An orc (D:6)
5 creatures vanquished.

Vanquished Creatures (others)
  An orc warrior (D:6)
  A wight (D:6)
  A hound (D:5)
  An orc priest (D:6)
  17 fungi (D:8)
  A plant (D:8)
22 creatures vanquished.

Grand Total: 364 creatures vanquished

Notes
Turn   | Place    | Note
-------+----------+-------------------------------------------
     0 | D:1      | 4thArraOfDagon the Demigod Wanderer began the quest for the Orb.
     0 | D:1      | 4thArraOfDagon set off with: a +2 quarterstaff, 2 potions of curing, a +0 robe, a ration
     0 | D:1      | Reached XP level 1. HP: 16/16 MP: 3/3
     0 | D:1      | ok
     0 | D:1      | lets set the proper pace
     0 | D:1      | https://www.youtube.com/watch?v=AlsUpNyUMqE&t=1426s
   193 | D:1      | Reached XP level 2. HP: 22/23 MP: 5/5
   718 | D:1      | Reached XP level 3. HP: 19/28 MP: 6/6
   998 | D:1      | Reached XP level 4. HP: 24/35 MP: 7/7
  1274 | D:2      | Noticed Robin
  1277 | D:2      | Killed Robin
  1320 | D:2      | Reached skill level 5 in Staves
  1320 | D:2      | Reached XP level 5. HP: 29/40 MP: 8/8
  1816 | D:2      | Reached skill level 1 in Armour
  1824 | D:2      | Found a faded altar of an unknown god.
  2093 | D:3      | Noticed Terence
  2122 | D:2      | Killed Terence
  2223 | D:3      | Reached XP level 6. HP: 36/48 MP: 9/9
  2458 | D:4      | Found a glowing drain.
  2475 | Sewer    | Entered a sewer
  2536 | Sewer    | Noticed Purgy
  2547 | Sewer    | Killed Purgy
  2985 | D:4      | Reached XP level 7. HP: 14/57 MP: 10/10
  3341 | D:5      | Entered Level 5 of the Dungeon
  3428 | D:5      | Noticed Blork the orc
  3450 | D:5      | Killed Blork the orc
  3450 | D:5      | Reached skill level 5 in Fighting
  3459 | D:5      | Noticed Dowan
  3533 | D:5      | Noticed Duvessa
  3561 | D:5      | Killed Duvessa
  3710 | D:5      | Noticed Prince Ribbit
  3719 | D:5      | Killed Prince Ribbit
  3719 | D:5      | Reached XP level 8. HP: 45/71 MP: 11/11
  3744 | D:5      | Noticed Grinder
  3749 | D:5      | Found Xuriuv's Jewellery Emporium.
  3756 | D:5      | Found a staircase to the Ecumenical Temple.
  3760 | D:5      | Paralysed by Grinder for 7 turns
  3773 | D:5      | Killed Grinder
  3895 | D:5      | Found an ancient bone altar of Kikubaaqudgha.
  4026 | D:7      | :O?
  4136 | D:7      | Noticed KristoblXynda's ghost (novice DrMo)
  4176 | D:7      | Found Beossug's Distillery.
  4186 | D:7      | Bought a potion of might for 44 gold pieces
  4186 | D:7      | Bought a potion of degeneration for 11 gold pieces
  4186 | D:7      | Bought a potion of might for 44 gold pieces
  4186 | D:7      | Bought a potion of agility for 44 gold pieces
  4186 | D:7      | Bought a potion of curing for 33 gold pieces
  4189 | D:7      | Noticed Joseph
  4207 | D:7      | Killed Joseph
  4437 | D:6      | Reached XP level 9. HP: 29/84 MP: 12/12
  4726 | D:6      | Found a burning altar of Makhleb.
  4848 | D:6      | Found a hide-covered altar of Uskayaw.
  4865 | D:6      | Found a snail-covered altar of Cheibriados.
  4865 | D:6      | Found a sparkling altar of Nemelex Xobeh.
  5143 | D:8      | Reached skill level 10 in Fighting
  5676 | D:8      | Found Zuhar's Armour Shoppe.
  5813 | D:8      | Reached skill level 5 in Dodging
  5828 | D:8      | Reached skill level 5 in Armour
  6040 | D:7      | Got a warped tin ring
  6041 | D:7      | Identified the ring "Kuorrap" {Wiz MR+ Dex+6} (You found it on level 7 of the Dungeon)
  6139 | D:7      | Bought 2 potions of heal wounds for 110 gold pieces
  6311 | D:8      | Found a staircase to the Lair.
  6327 | D:8      | Found a white marble altar of Elyvilon.
  6648 | D:9      | Found the +10 mace of Variability {chaos}
  6653 | D:9      | Found a shimmering altar of Xom.
  6677 | D:9      | Reached XP level 10. HP: 79/93 MP: 13/13
  6777 | D:9      | tidbits: !hs * dgwn
  6781 | D:9      | beem: 34490. Yermak the Portalist (L27 DgWn), escaped with the Orb and 15 runes on 2016-09-04 13:13:21, with 22883350 points after 65449 turns and 11:45:39.
  6784 | D:9      | Noticed a salamander
  6784 | D:9      | a yak changed into a salamander
  6789 | D:9      | Killed a salamander
  6838 | D:9      | tidbits: going for a hs?
  7007 | D:9      | 4thArraOfDagon: naa, just want to set something up for streak
  7007 | D:9      | 4thArraOfDagon: relatively random
  7007 | D:9      | tidbits: k
  7007 | D:9      | 4thArraOfDagon: to not bother in later times :)
  7032 | D:8      | tidbits: 65k is weaksauce though :>
  7288 | D:10     | Entered Level 10 of the Dungeon
  7314 | D:10     | Noticed a two-headed ogre
  7320 | D:10     | Killed a two-headed ogre
  7421 | D:10     | Found Jailamib's Assorted Antiques.
  7432 | D:10     | Bought a scroll labeled RORGHUS GANK for 23 gold pieces
  7432 | D:10     | Bought a scroll labeled OVEN TONKIL for 23 gold pieces
  7432 | D:10     | Bought a scroll labeled HAWISOPU PEWU for 23 gold pieces
  7432 | D:10     | Bought a scroll labeled YRUVES COOTUAZ for 23 gold pieces
  7432 | D:10     | Bought a scroll labeled KIFOH DEHOLY for 23 gold pieces
  7481 | D:10     | Bought a scroll labeled ULOEBLE MUISMATI for 23 gold pieces
  7517 | D:10     | Found a staircase to the Orcish Mines.
  7551 | D:10     | Killed an unseen horror
  7551 | D:10     | Reached skill level 10 in Dodging
  7588 | D:10     | Found Vaoplywk's Antique Armour Boutique.
  7605 | D:10     | Found Ephihin's Jewellery Boutique.
  7610 | D:10     | Found Vofrob's Weapon Boutique.
  7952 | D:11     | Reached skill level 1 in Maces & Flails
  7988 | D:11     | Noticed Erolcha
  7992 | D:11     | Killed Erolcha
  7992 | D:11     | Reached XP level 11. HP: 90/98 MP: 14/14
  8157 | D:11     | Noticed a two-headed ogre
  8164 | D:11     | Killed a two-headed ogre
  8525 | D:12     | Noticed a six-headed hydra
  9639 | D:14     | Reached skill level 5 in Axes
  9663 | D:15     | Entered Level 15 of the Dungeon
  9717 | D:15     | HP: 2/98 [bullfrog (4)]
  9717 | D:15     | Mangled by a manticore

Vault maps used:
D:1:      wheals_arrival_shading
D:2:      chequers_ecumenical_altar_simple, kennysheep_potato, uniq_robin
D:3:      uniq_terence
D:4:      gup_sewer_entry_pipe
D:5:      kiku_gazebo_pond_becter, minmay_temple_entry_crystal_x, first_ration,
          serial_shops, nicolae_shop_behind_doors, uniq_blork_the_orc,
          uniq_grinder, uniq_prince_ribbit1, uniq_duvessa
D:6:      cheibrodos_two_vegetables, grunt_temple_overflow_open, bloody_makhleb
D:7:      gammafunk_temple_overflow_wave, serial_shops,
          nicolae_shop_temple_entry_statues_fountains, uniq_joseph
D:8:      grunt_lair_entry_orc_guard_hut, serial_shops, shop,
          minmay_misc_feat_rows, elyvilon_altar_5
D:9:      david_nohive_1, minmay_guarded_unrand_variability
D:10:     erik_orc_3, serial_shops, nicolae_shop_behind_doors, shop,
          nicolae_shop_behind_doors, nicolae_shop_competitors_out_of_business
D:11:     uniq_erolcha
D:12:     minmay_misc_feat_plants
D:13:     david_vaults_4
D:14:     grunt_decor_mini_mirrors, minivault_25, kennysheep_cross_bottleneck,
          uniq_josephine
D:15:     grunt_enter_depths_magical_seal, hangedman_abyss_or_decor_clamps,
          serial_bayou_pond_e, nicolae_elemental_shop
Sewer:    sewer_the_crocodile

Skill      XL: |  1  2  3  4  5  6  7  8  9 10 11 |
---------------+----------------------------------+-----
Staves         | 2 3 4 5 7 |  7.4
Armour         | 1 2 3 5 |  5.2
Fighting       | 2 3 6 9 10 | 10.0
Dodging        | 2 3 6 10 | 10.0
Maces & Flails | 3 4 |  4.5
Axes           | 5 |  5.6
Throwing       | |  1.0
Stealth        | |  1.0
Ice Magic      | |  1.0
Earth Magic    | |  1.7
Evocations     | |  1.0

Action                   |  1- 3 |  4- 6 |  7- 9 | 10-12 || total
-------------------------+-------+-------+-------+-------++-------
Melee: Quarterstaff      |    81 |   302 |   444 |   252 ||  1079
       Great mace        |       |       |       |   212 ||   212
       Battleaxe         |       |       |       |    21 ||    21
Evoke: Wand              |       |    14 |    32 |    11 ||    57
       Lightning rod     |       |       |       |     4 ||     4
  Use: Potion            |     2 |     3 |     3 |     3 ||    11
       Scroll            |       |     4 |     2 |     1 ||     7
 Stab: Paralysed         |       |       |       |     2 ||     2
       Sleeping          |       |       |       |     2 ||     2
       Distracted        |       |       |       |     1 ||     1
       Confused          |       |       |       |     1 ||     1
  Eat: Chunk             |       |     8 |    16 |    11 ||    35
       Ration            |       |       |       |     1 ||     1
Armor: Chain mail        |    51 |   158 |    84 |       ||   293
       Robe              |     3 |       |       |       ||     3
       Skin              |       |    45 |       |       ||    45
       Ring mail         |       |       |   129 |   164 ||   293
       Troll leather arm |       |       |       |    19 ||    19
Dodge: Dodged            |    33 |   108 |   265 |   468 ||   874

Table legend:
 A = Spawn XP
 B = Non-spawn XP
 C = Spawn XP percentage of total XP
 D = Spawn monster count
 E = Non-spawn monster count
 F = Spawn count percentage of total count
 G = Total turns spent on level
                    A         B        C        D         E        F      G
               +---------+---------+-------+---------+---------+-------+---------
         Total |       0 |   23514 |   0.0 |       0 |     344 |   0.0 |  9717
               +---------+---------+-------+---------+---------+-------+---------
           D:1 |       0 |     117 |   0.0 |       0 |      29 |   0.0 |  1022
           D:2 |       0 |     267 |   0.0 |       0 |      37 |   0.0 |   975
           D:3 |       0 |     105 |   0.0 |       0 |      20 |   0.0 |   428
           D:4 |       0 |     452 |   0.0 |       0 |      23 |   0.0 |   824
           D:5 |       0 |    1179 |   0.0 |       0 |      15 |   0.0 |   583
           D:6 |       0 |     918 |   0.0 |       0 |      23 |   0.0 |   745
           D:7 |       0 |     802 |   0.0 |       0 |       8 |   0.0 |   566
           D:8 |       0 |    1967 |   0.0 |       0 |      33 |   0.0 |  1115
           D:9 |       0 |    3740 |   0.0 |       0 |      43 |   0.0 |   905
          D:10 |       0 |    2664 |   0.0 |       0 |      34 |   0.0 |   649
          D:11 |       0 |    4884 |   0.0 |       0 |      30 |   0.0 |   609
          D:12 |       0 |    3782 |   0.0 |       0 |      34 |   0.0 |   680
          D:13 |       0 |     641 |   0.0 |       0 |       3 |   0.0 |   362
          D:14 |       0 |     853 |   0.0 |       0 |       3 |   0.0 |    75
          D:15 |       0 |    1007 |   0.0 |       0 |       3 |   0.0 |    54
         Sewer |       0 |     136 |   0.0 |       0 |       6 |   0.0 |   125
               +---------+---------+-------+---------+---------+-------+---------
